[Event "Titled Tuesday Blitz March 28 Late 2023"]
[White "Manelyuk, Daniil"]
[Black "Mekhitarian, Krikor Sevag"]
[WhiteFideId "44173920"]
[BlackFideId "2107660"]
[WhiteElo "2259"]
[BlackElo "2604"]
[Result "0-1"]
[Round "03"]
[TimeControl "180+2"]
[Date "2023.03.28"]
[WhiteClock "0:00:07"]
[BlackClock "0:00:04"]

1. e4 c5 2. Nf3 e6 3. c4 Nc6 4. Nc3 Nf6 5. Be2 Qb6 6. O-O d6 7. a3 Be7 8. Rb1 a5 9. d3 O-O 10. Be3 e5 11. Nd5 Nxd5 12. exd5 Nd4 13. Bxd4 cxd4 14. b4 axb4 15. Rxb4 Qc7 16. Qb3 Ra7 17. Rb1 g6 18. Nd2 f5 19. Rb5 Kg7 20. a4 Rf7 21. Qb4 Bf8 22. a5 Qd8 23. Rb6 h5 24. f4 exf4 25. Nf3 Qe7 26. Bf1 Qe3+ 27. Kh1 Ra6 28. Qb2 Rxb6 29. axb6 Qe8 30. Qxd4+ Kg8 31. Qxf4 Re7 32. h4 Re3 33. Ra1 Bd7 34. Ra7 Kh7 35. Rxb7 Kh8 36. Rxd7 Rxf3 37. Qxf3 Qxd7 38. Qe3 Kg7 39. Qd4+ Kf7 40. Qb2 Qb7 41. d4 Be7 42. c5 dxc5 43. dxc5 Bxc5 44. Bc4 Qxb6 45. d6+ Ke8 46. Qh8+ Kd7 47. Qg7+ Kxd6 48. Qxg6+ Kc7 49. Qf7+ Kb8 50. Qe8+ Ka7 51. Qa4+ Kb8 52. Qc2 Qd6 53. Be2 Qd4 54. Qb1+ Kc7 55. g3 Qf2 56. Qf1 Qxg3 57. Bf3 Bd6 58. Qg2 Qe1+ 59. Qg1 Qxh4+ 60. Kg2 Qg3+ 61. Kf1 Qxf3+ 62. Ke1 Bb4# 0-1


[Site "https://www.chess.com"]

[Event "Titled Tuesday Blitz March 28 Late 2023"]
[White "Svane, Frederik"]
[Black "Perske, Thore"]
[WhiteFideId "12923044"]
[BlackFideId "12902195"]
[WhiteElo "2502"]
[BlackElo "2336"]
[Result "1-0"]
[Round "03"]
[TimeControl "180+2"]
[Date "2023.03.28"]
[WhiteClock "0:00:25"]
[BlackClock "0:00:10"]

1. g3 d5 2. Nf3 c6 3. Bg2 Nf6 4. c4 dxc4 5. O-O Nbd7 6. Na3 Nb6 7. Qc2 Be6 8. Ng5 Bg4 9. Re1 e6 10. Nxc4 Be7 11. Ne5 Bh5 12. Nxc6 bxc6 13. Bxc6+ Nbd7 14. Bxa8 Qxa8 15. d3 Bg4 16. Be3 Nd5 17. Bd2 O-O 18. Rac1 h6 19. Ne4 N7f6 20. f3 Bh5 21. a3 Bg6 22. b4 Nxe4 23. dxe4 Nf6 24. Qc6 Qxc6 25. Rxc6 a5 26. bxa5 Bxa3 27. a6 Nd7 28. Rc7 Nc5 29. Ra1 Nxa6 30. Rc4 Bc5+ 31. Kf1 Rd8 32. Rxa6 1-0


[Site "https://www.chess.com"]

[Event "Titled Tuesday Blitz March 28 Late 2023"]
[White "Djokic, Mihailo"]
[Black "Grigoriants, Sergey"]
[WhiteFideId "976440"]
[BlackFideId "4130804"]
[WhiteElo "2294"]
[BlackElo "2502"]
[Result "0-1"]
[Round "03"]
[TimeControl "180+2"]
[Date "2023.03.28"]
[WhiteClock "0:00:01"]
[BlackClock "0:00:12"]

1. e4 c5 2. Nf3 Nc6 3. d4 cxd4 4. Nxd4 e6 5. Nc3 Qc7 6. Be2 a6 7. O-O Nf6 8. Be3 d6 9. f4 Be7 10. Kh1 O-O 11. Qe1 Nxd4 12. Bxd4 b5 13. a3 Bb7 14. Qg3 Bc6 15. Rae1 Qb7 16. Bd3 a5 17. Qh3 g6 18. f5 e5 19. Be3 b4 20. axb4 axb4 21. Nd5 Bxd5 22. exd5 e4 23. fxg6 hxg6 24. Bd4 exd3 25. Rxf6 d2 26. Rd1 Qxd5 27. Rf4 Qh5 28. Qxh5 gxh5 29. Rf5 Rfe8 30. Rxh5 Bf6 31. Bf2 Bxb2 32. h4 Ra1 0-1


[Site "https://www.chess.com"]

[Event "Titled Tuesday Blitz March 28 Late 2023"]
[White "Srinath, Rao S.V."]
[Black "Ibarra Jerez, Jose Carlos"]
[WhiteFideId "5028876"]
[BlackFideId "2226332"]
[WhiteElo "2196"]
[BlackElo "2638"]
[Result "0-1"]
[Round "03"]
[TimeControl "180+2"]
[Date "2023.03.28"]
[WhiteClock "0:00:02"]
[BlackClock "0:00:04"]

1. e4 c5 2. c3 Nf6 3. e5 Nd5 4. d4 cxd4 5. cxd4 d6 6. Nf3 Nc6 7. Bc4 dxe5 8. Bxd5 Qxd5 9. Nc3 Qd6 10. d5 Nd4 11. Nxd4 exd4 12. Qxd4 e5 13. Qd3 Bd7 14. O-O f5 15. Re1 Kf7 16. Be3 a6 17. Rac1 Be7 18. a3 Rac8 19. b4 e4 20. Qd2 Bf6 21. Bc5 Qe5 22. Ne2 Rhe8 23. Be3 Qb2 24. Qxb2 Bxb2 25. Rb1 Bf6 26. Rec1 Bb5 27. Nf4 g5 28. Ne6 Bd3 29. Rxc8 Rxc8 30. Rc1 Rxc1+ 31. Bxc1 h6 32. h4 gxh4 33. Bxh6 Bc4 34. Nf4 b5 35. Kh2 Bb2 36. d6 Be6 37. Bg5 Bxa3 38. Nd5 Bb2 39. Kh3 Be5 40. Nc7 Bxd6 41. Nxa6 Bc8 42. Nc5 Bxc5 43. bxc5 b4 44. Kxh4 b3 45. Bc1 Ke6 46. Ba3 Kd5 47. Kg5 Ke5 48. Bb2+ Kd5 49. g4 fxg4 50. Kf4 Bd7 51. Ba3 Bc6 52. Ke3 Kc4 53. Kd2 Kd4 54. Bb4 Kc4 55. Ba3 Kd4 56. Bb4 e3+ 57. fxe3+ Ke4 58. Ke2 b2 0-1


[Site "https://www.chess.com"]

[Event "Titled Tuesday Blitz March 28 Late 2023"]
[White "Fressinet, Laurent"]
[Black "Khumalo, Keith"]
[WhiteFideId "608742"]
[BlackFideId "14319470"]
[WhiteElo "2633"]
[BlackElo "2056"]
[Result "1-0"]
[Round "03"]
[TimeControl "180+2"]
[Date "2023.03.28"]
[WhiteClock "0:00:11"]
[BlackClock "0:01:13"]

1. d4 Nf6 2. Nf3 d5 3. Bf4 e6 4. e3 c5 5. Nbd2 Nc6 6. c3 cxd4 7. exd4 Nh5 8. Bg3 g6 9. Bb5 Bg7 10. Qa4 Nxg3 11. hxg3 Bd7 12. Qa3 Qe7 13. Qxe7+ Kxe7 14. Bd3 a6 15. Nf1 b5 16. Ne3 h6 17. O-O Rhc8 18. Rfe1 Kd6 19. Ng4 b4 20. Nge5 Bxe5 21. dxe5+ Ke7 22. Rac1 bxc3 23. Rxc3 Nb4 24. Rxc8 Rxc8 25. Bb1 Bb5 26. a3 Nd3 27. Bxd3 Bxd3 28. Rd1 Be2 29. Rd2 Bxf3 30. gxf3 Rc4 31. Kf1 g5 32. Ke2 Kd7 33. Kd3 a5 34. Rd1 h5 35. Rh1 h4 36. b3 Rc8 37. gxh4 gxh4 38. Rxh4 Rc1 39. Ra4 Rb1 40. Kc2 Re1 41. f4 Re2+ 42. Kd3 Rxf2 43. Rxa5 Rxf4 44. b4 Rf5 45. b5 Rxe5 46. Ra7+ Kd6 47. a4 Re1 48. a5 e5 49. b6 Rb1 50. b7 e4+ 51. Kc2 Rb5 52. a6 d4 53. Ra8 d3+ 54. Kc3 Rc5+ 55. Kd2 Rc2+ 56. Ke3 Re2+ 57. Kf4 Rb2 58. b8=Q+ Rxb8 59. Rxb8 Kc7 60. Rb2 f5 61. a7 e3 62. Kxe3 1-0


[Site "https://www.chess.com"]

[Event "Titled Tuesday Blitz March 28 Late 2023"]
[White "Plotnikov, Pavel"]
[Black "Rasulov, Vugar"]
[WhiteFideId "4170342"]
[BlackFideId "13402390"]
[WhiteElo "2298"]
[BlackElo "2509"]
[Result "0-1"]
[Round "03"]
[TimeControl "180+2"]
[Date "2023.03.28"]
[WhiteClock "0:00:15"]
[BlackClock "0:01:25"]

1. e4 c5 2. c3 Nf6 3. e5 Nd5 4. d4 cxd4 5. Qxd4 e6 6. Bd3 Nc6 7. Qe4 d6 8. exd6 Bxd6 9. Nf3 Nf6 10. Qe2 h6 11. Nbd2 O-O 12. O-O Qe7 13. a4 Rd8 14. Nc4 Bc7 15. a5 e5 16. Re1 Bg4 17. Bd2 Rd7 18. h3 Bxf3 19. Qxf3 Rad8 20. Bf5 Rxd2 21. Nxd2 Rxd2 22. b4 g6 23. Bb1 Kg7 24. a6 e4 25. Bxe4 Nxe4 26. Rxe4 Qd6 27. g3 Bb6 28. Rf1 Rd3 29. Qe2 Qxg3+ 30. Kh1 Qxh3+ 31. Kg1 Rg3# 0-1


[Site "https://www.chess.com"]

[Event "Titled Tuesday Blitz March 28 Late 2023"]
[White "Sokac, Marko"]
[Black "Drygalov, Sergey"]
[WhiteFideId "14531356"]
[BlackFideId "24171743"]
[WhiteElo "2355"]
[BlackElo "2533"]
[Result "0-1"]
[Round "03"]
[TimeControl "180+2"]
[Date "2023.03.28"]
[WhiteClock "0:00:39"]
[BlackClock "0:00:16"]

1. e4 c5 2. a3 Nf6 3. e5 Nd5 4. c4 Nc7 5. Nf3 d6 6. exd6 Qxd6 7. Be2 Nc6 8. O-O Bf5 9. b4 b6 10. Bb2 Rd8 11. b5 Nd4 12. Bxd4 cxd4 13. d3 e5 14. Nbd2 Be7 15. Re1 O-O 16. a4 Qf6 17. a5 Bb4 18. axb6 axb6 19. Bf1 Bg4 20. Re4 Bh5 21. Be2 Bd6 22. Nxd4 Bxe2 23. Nxe2 Ne6 24. Nf3 Nc5 25. Re3 e4 26. Ne1 exd3 27. Nxd3 Nxd3 28. Rxd3 Bxh2+ 29. Kxh2 Rxd3 30. Qxd3 Qxa1 31. Nc3 h6 32. Qe3 Qa3 33. Nd5 Qxe3 34. Nxe3 Rb8 35. Kg3 Kf8 36. Kf4 Ke7 37. Ke5 f6+ 38. Kd5 g6 39. Kc6 Kd8 40. Nd5 Rc8+ 41. Kxb6 Rxc4 42. Nxf6 Rf4 43. Nd5 Rxf2 44. Ka7 Ra2+ 45. Kb8 Rd2 46. Nf4 Rb2 47. Nxg6 Rxb5+ 48. Ka7 Rg5 49. Nf4 Rg4 0-1


[Site "https://www.chess.com"]

[Event "Titled Tuesday Blitz March 28 Late 2023"]
[White "Movahed, Sina"]
[Black "Ehlvest, Jaan"]
[WhiteFideId "42520835"]
[BlackFideId "4500016"]
[WhiteElo "2225"]
[BlackElo "2442"]
[Result "1-0"]
[Round "03"]
[TimeControl "180+2"]
[Date "2023.03.28"]
[WhiteClock "0:01:27"]
[BlackClock "0:00:15"]

1. Nf3 d5 2. g3 b6 3. Bg2 Bb7 4. O-O Nf6 5. c4 dxc4 6. Na3 Nbd7 7. Nxc4 c5 8. b3 g6 9. Bb2 Bg7 10. d4 O-O 11. Rc1 Rc8 12. e3 cxd4 13. Nxd4 Bxg2 14. Kxg2 Nc5 15. Qe2 Qd5+ 16. f3 Qb7 17. Rfd1 Rfd8 18. e4 Nfd7 19. Nb5 Bxb2 20. Qxb2 a6 21. Nc3 b5 22. Na5 Qa7 23. Nd5 Nf8 24. b4 Na4 25. Qe5 Rxc1 26. Rxc1 f6 27. Qxe7 Qxe7 28. Nxe7+ Kf7 29. Nd5 Ne6 30. Rc6 f5 31. Nb7 Rd7 32. Nd6+ Kg7 33. e5 Nd4 34. Rc8 1-0


[Site "https://www.chess.com"]

[Event "Titled Tuesday Blitz March 28 Late 2023"]
[White "Moussard, Jules"]
[Black "Fiorito, Joaquin"]
[WhiteFideId "642908"]
[BlackFideId "180173"]
[WhiteElo "2610"]
[BlackElo "2157"]
[Result "1-0"]
[Round "03"]
[TimeControl "180+2"]
[Date "2023.03.28"]
[WhiteClock "0:00:39"]
[BlackClock "0:00:25"]

1. e4 c6 2. Nf3 d5 3. d3 Bg4 4. h3 Bh5 5. g4 dxe4 6. dxe4 Qxd1+ 7. Kxd1 Bg6 8. Nc3 f6 9. e5 Nd7 10. Bf4 O-O-O 11. Kc1 Nc5 12. Bc4 b5 13. Be2 Ne4 14. Nxe4 Bxe4 15. a4 b4 16. Re1 Kb7 17. Ba6+ Kxa6 18. Rxe4 c5 19. a5 h5 20. g5 f5 21. Rc4 e6 22. Nh4 Kb5 23. b3 Ne7 24. Kb2 Rg8 25. Be3 Nd5 26. Ng6 Nxe3 27. fxe3 Rd7 28. Nf4 Be7 29. Nxe6 g6 30. h4 Bd8 31. Rxc5+ Ka6 32. Rc4 Kb5 33. Nd4+ Ka6 34. Rc6+ Kb7 35. a6+ Kb8 36. Ra4 Bb6 37. Rxb4 Re8 38. Rxg6 Ka8 39. e6 Rd6 40. Rc4 f4 41. Nb5 fxe3 42. Nxd6 e2 43. Re4 1-0


[Site "https://www.chess.com"]

[Event "Titled Tuesday Blitz March 28 Late 2023"]
[White "Kovalev, Vladislav"]
[Black "Ozates, Tuna"]
[WhiteFideId "13504398"]
[BlackFideId "6354521"]
[WhiteElo "2555"]
[BlackElo "2151"]
[Result "1-0"]
[Round "03"]
[TimeControl "180+2"]
[Date "2023.03.28"]
[WhiteClock "0:00:06"]
[BlackClock "0:00:01"]

1. e4 c5 2. Nf3 Nc6 3. Nc3 d6 4. d4 cxd4 5. Nxd4 e5 6. Nf5 Bxf5 7. exf5 Nge7 8. g4 h5 9. f6 gxf6 10. Ne4 Ng6 11. gxh5 d5 12. hxg6 dxe4 13. gxf7+ Kxf7 14. Bc4+ Ke7 15. Qg4 Nd4 16. Qxe4 Rh4 17. Qxh4 Nf3+ 18. Ke2 Nxh4 19. Be3 Qc8 20. Bd3 Qg4+ 21. Kd2 Rc8 22. Rad1 Nf3+ 23. Kc1 Nd4 24. Kb1 b6 25. h4 Nf5 26. Rdg1 Qh5 27. Bd2 Bh6 28. Bxf5 Qxf5 29. Bxh6 Rxc2 30. Ka1 Qxf2 31. Bc1 Rc8 32. h5 Rh8 33. h6 e4 34. h7 Ke6 35. Rg8 Rxh7 36. Rxh7 Qe1 37. Rc7 f5 38. a3 f4 39. Ka2 e3 40. Rc4 Qf1 41. Re8+ Kd5 42. Ree4 e2 43. Rcd4+ Kc6 44. Re6+ Kb7 45. Rd7+ Ka6 46. Bd2 Qf3 47. Ree7 Kb5 48. Re5+ Kc6 49. Rde7 1-0


[Site "https://www.chess.com"]

[Event "Titled Tuesday Blitz March 28 Late 2023"]
[White "Zhang, Derek"]
[Black "Bernadskiy, Vitaliy"]
[WhiteFideId "2087871"]
[BlackFideId "14100371"]
[WhiteElo "2087"]
[BlackElo "2488"]
[Result "0-1"]
[Round "03"]
[TimeControl "180+2"]
[Date "2023.03.28"]
[WhiteClock "0:00:09"]
[BlackClock "0:00:09"]

1. Nf3 g6 2. c4 Bg7 3. Nc3 Nf6 4. e4 O-O 5. d4 d6 6. h3 c6 7. Be3 Na6 8. Bd3 e5 9. d5 Nc5 10. Bc2 cxd5 11. cxd5 a5 12. a3 Bd7 13. b4 axb4 14. axb4 Rxa1 15. Qxa1 Na6 16. Qb2 Qc7 17. Bd3 Rc8 18. Bd2 Qb6 19. Bxa6 bxa6 20. O-O Rc4 21. Be3 Qxb4 22. Qxb4 Rxb4 23. Ra1 Rc4 24. Bd2 Bc8 25. Na4 Rxe4 26. Nb6 Bb7 27. Rb1 h6 28. Bb4 Bf8 29. Ba3 Bxd5 30. Rd1 Be6 31. Bxd6 Bxd6 32. Rxd6 a5 33. Rd8+ Kg7 34. Ra8 Rb4 35. Ra6 e4 36. Ne5 Rb5 37. Nec4 Nd5 38. Nxd5 Bxd5 39. Nxa5 Rb1+ 40. Kh2 Ra1 41. Ra7 h5 42. Nc6 Rxa7 43. Nxa7 Kf6 44. Nb5 Ke5 45. Kg3 Bc4 46. Nc3 f5 47. Kh4 Kd4 48. Nd1 f4 49. Kg5 Bb3 50. Kxf4 Bxd1 51. Kg5 Bc2 52. Kf4 Kd5 53. g4 hxg4 54. hxg4 Kd4 55. Kg5 e3 56. fxe3+ Kxe3 57. Kh6 Kf4 58. g5 Kg4 0-1


[Site "https://www.chess.com"]

[Event "Titled Tuesday Blitz March 28 Late 2023"]
[White "Bartel, Mateusz"]
[Black "Remolar Gallen, Jose"]
[WhiteFideId "1112635"]
[BlackFideId "2215187"]
[WhiteElo "2521"]
[BlackElo "2223"]
[Result "1-0"]
[Round "03"]
[TimeControl "180+2"]
[Date "2023.03.28"]
[WhiteClock "0:00:16"]
[BlackClock "0:00:02"]

1. e4 c5 2. Nf3 d6 3. c3 Nf6 4. Bd3 Nc6 5. Bc2 Bg4 6. d3 e6 7. Nbd2 Be7 8. h3 Bh5 9. Qe2 Rb8 10. a4 a6 11. Nf1 b5 12. axb5 axb5 13. Ng3 Bg6 14. O-O O-O 15. Bf4 Nh5 16. Nxh5 Bxh5 17. Qe3 Bf6 18. e5 dxe5 19. Nxe5 Nxe5 20. Bxe5 Bxe5 21. Qxe5 Qd5 22. Rfe1 Bg6 23. Qxd5 exd5 24. Ra5 h5 25. Kf1 Rfd8 26. Ke2 d4 27. Kd2 c4 28. cxd4 Rxd4 29. Kc3 Rbd8 30. Rd1 b4+ 31. Kd2 Bxd3 32. Kc1 Bxc2 33. Rxd4 Rxd4 34. Kxc2 h4 35. Rb5 b3+ 36. Kc3 Rf4 37. f3 f6 38. Rc5 g5 39. Rxc4 Kf7 40. Rxf4 gxf4 41. Kxb3 1-0


[Site "https://www.chess.com"]

[Event "Titled Tuesday Blitz March 28 Late 2023"]
[White "Pakleza, Zbigniew"]
[Black "Petukhov, Dmitry"]
[WhiteFideId "1119290"]
[BlackFideId "4142748"]
[WhiteElo "2410"]
[BlackElo "2311"]
[Result "1-0"]
[Round "03"]
[TimeControl "180+2"]
[Date "2023.03.28"]
[WhiteClock "0:00:07"]
[BlackClock "0:00:02"]

1. d4 Nf6 2. Nf3 g6 3. Bf4 Bg7 4. e3 d6 5. h3 O-O 6. Be2 Re8 7. c4 c5 8. Nc3 cxd4 9. exd4 Nc6 10. O-O Bf5 11. d5 Nb8 12. Nd4 Bd7 13. a3 a5 14. Rb1 a4 15. Ndb5 Ra5 16. Re1 Na6 17. Bd2 Nc5 18. Be3 Nfe4 19. Nxe4 Nxe4 20. Nd4 Qc7 21. Bf1 Nc5 22. Qd2 Bxd4 23. Qxd4 Nb3 24. Qc3 Bf5 25. Rbd1 Rc8 26. g4 Bd7 27. Qb4 Ra6 28. f3 Nc5 29. Rd2 Rb6 30. Qc3 Rb3 31. Qd4 b5 32. Rc1 bxc4 33. Bxc4 Rbb8 34. Bf1 Qb7 35. Qf4 Nb3 36. Rxc8+ Rxc8 37. Re2 Bb5 38. Re1 Bxf1 39. Kxf1 Rc2 40. Bf2 Nd2+ 41. Kg2 Qxb2 42. Rxe7 Nc4 43. Re8+ Kg7 44. Qg3 Qd4 45. Re4 Qf6 46. g5 Qb2 47. Qh4 Ne5 48. f4 Qb3 49. fxe5 Qxd5 50. exd6 Re2 51. Kf3 Qd3+ 52. Be3 Rxe3+ 53. Rxe3 Qd1+ 54. Kf2 Qc2+ 55. Re2 Qf5+ 56. Kg2 h5 57. gxh6+ Kh7 58. Qg4 Qd5+ 59. Qf3 Qg5+ 60. Kh1 Qc1+ 61. Kh2 Qc5 62. Rd2 Qg5 63. Qf2 Qe5+ 64. Kg1 Qg5+ 65. Kf1 Qb5+ 66. Ke1 Qb1+ 67. Rd1 Qe4+ 68. Qe2 Qh1+ 69. Kf2 Qh2+ 70. Ke3 Qe5+ 71. Kd2 Qd4+ 72. Qd3 Qb2+ 73. Ke3 Qe5+ 74. Kf3 1-0


[Site "https://www.chess.com"]

[Event "Titled Tuesday Blitz March 28 Late 2023"]
[White "Van Foreest, Lucas"]
[Black "Olsson, William"]
[WhiteFideId "1039792"]
[BlackFideId "1741721"]
[WhiteElo "2519"]
[BlackElo "2197"]
[Result "1-0"]
[Round "03"]
[TimeControl "180+2"]
[Date "2023.03.28"]
[WhiteClock "0:02:28"]
[BlackClock "0:01:35"]

1. e4 c5 2. Qg4 d5 3. Bb5+ Nc6 4. Qf4 dxe4 5. Bxc6+ bxc6 6. Qxe4 Qd5 7. Nc3 Qd6 8. d3 Nf6 9. Qa4 Bd7 10. Nf3 Qe6+ 11. Ne4 Nxe4 12. dxe4 c4 13. O-O g6 14. Ng5 Qe5 15. Qxc4 e6 16. Bd2 Qb5 17. Qxb5 cxb5 18. Bc3 Rg8 19. Nxh7 Bg7 20. Bxg7 1-0


[Site "https://www.chess.com"]

[Event "Titled Tuesday Blitz March 28 Late 2023"]
[White "Grave, Jacob Templen"]
[Black "Timmermans, Mark"]
[WhiteFideId "1542656"]
[BlackFideId "1026399"]
[WhiteElo "2179"]
[BlackElo "2460"]
[Result "1/2-1/2"]
[Round "03"]
[TimeControl "180+2"]
[Date "2023.03.28"]
[WhiteClock "0:00:04"]
[BlackClock "0:00:20"]

1. d4 Nf6 2. c4 e6 3. Nc3 Bb4 4. f3 O-O 5. a3 Bxc3+ 6. bxc3 d5 7. cxd5 exd5 8. e3 c5 9. Bd3 b6 10. Ne2 Ba6 11. O-O Bxd3 12. Qxd3 Re8 13. Ng3 Nc6 14. Bb2 Na5 15. Rae1 cxd4 16. cxd4 Nc4 17. Bc1 b5 18. e4 dxe4 19. fxe4 Ng4 20. Nf5 g6 21. Nh6+ Nxh6 22. Bxh6 Qh4 23. Bf4 Rad8 24. Bg3 Qg5 25. d5 Qd2 26. Qf3 Rd7 27. Kh1 Qd4 28. Bf2 Qb2 29. Rb1 Qxa3 30. Rxb5 Qxf3 31. gxf3 Nd2 32. Rd1 Nxf3 33. Kg2 Ng5 34. Ra1 Nxe4 35. Rxa7 Rxa7 36. Bxa7 Rd8 37. Bd4 f5 38. Be5 Nd6 39. Rb6 Nf7 40. Bf6 Rf8 41. Rb7 h6 42. d6 g5 43. d7 Nd8 44. Bxd8 Rxd8 45. Rc7 Kf7 46. Kf3 Ke7 47. Rc6 Rh8 48. h4 Kxd7 49. Rg6 gxh4 50. Kf4 Rf8 51. Rxh6 h3 52. Rxh3 Ke7 53. Rh5 Ke6 54. Rh6+ Kd5 55. Rh5 Ke6 56. Rh6+ Rf6 57. Rxf6+ Kxf6 58. Kf3 Kf7 59. Kf4 Kf8 60. Kxf5 1/2-1/2


[Site "https://www.chess.com"]

[Event "Titled Tuesday Blitz March 28 Late 2023"]
[White "Perez Ponsa, Federico"]
[Black "Pasti, Aron"]
[WhiteFideId "117927"]
[BlackFideId "785857"]
[WhiteElo "2592"]
[BlackElo "2173"]
[Result "1-0"]
[Round "03"]
[TimeControl "180+2"]
[Date "2023.03.28"]
[WhiteClock "0:01:04"]
[BlackClock "0:01:20"]

1. e4 c5 2. Nf3 e6 3. d4 cxd4 4. Nxd4 Nc6 5. Nc3 Qc7 6. Be3 a6 7. Qd2 Nf6 8. f4 Bb4 9. Bd3 Na5 10. a3 Bxc3 11. Qxc3 Qxc3+ 12. bxc3 d5 13. exd5 Nxd5 14. Bd2 Nc6 15. Nxc6 bxc6 16. c4 Ne7 17. Bb4 Bb7 18. Bc5 Rd8 19. Rb1 Rd7 20. Kf2 O-O 21. Rb3 Ng6 22. Bxg6 hxg6 23. Bxf8 Kxf8 24. Rhb1 Bc8 25. Rb8 Rc7 26. Ke3 Ke7 27. c5 f6 28. Rd1 e5 29. Rd6 Be6 30. fxe5 fxe5 31. Rb6 Bd5 32. Rxa6 Rb7 33. Rxg6 Kf7 1-0


[Site "https://www.chess.com"]

[Event "Titled Tuesday Blitz March 28 Late 2023"]
[White "Ozen, Bahadir"]
[Black "Bochnicka, Vladimir"]
[WhiteFideId "6337058"]
[BlackFideId "14943450"]
[WhiteElo "2503"]
[BlackElo "2094"]
[Result "1-0"]
[Round "03"]
[TimeControl "180+2"]
[Date "2023.03.28"]
[WhiteClock "0:01:04"]
[BlackClock "0:00:23"]

1. h3 c5 2. c3 h6 3. d4 cxd4 4. cxd4 d5 5. Nc3 Nc6 6. Nf3 Bf5 7. Qb3 e6 8. Qxb7 Rc8 9. e4 dxe4 10. Bb5 Ne7 11. Ne5 Qc7 12. Qxc7 Rxc7 13. Bf4 Rc8 14. g4 Bh7 15. d5 exd5 16. Rc1 g5 17. Bg3 Bg7 18. Nxc6 Nxc6 19. Nxd5 Kd7 20. Nb4 Bxb2 21. Rxc6 Rxc6 22. Nxc6 a6 23. Ba4 Bc3+ 24. Ke2 Ke6 25. Rc1 Bf6 26. Bb3+ Kd7 27. Ba4 Ke6 28. Rd1 Be7 29. Bb3+ Kf6 30. Be5+ 1-0


[Site "https://www.chess.com"]

[Event "Titled Tuesday Blitz March 28 Late 2023"]
[White "Lazavik, Denis"]
[Black "Melikyan, Gnel"]
[WhiteFideId "13515110"]
[BlackFideId "54109990"]
[WhiteElo "2560"]
[BlackElo "2138"]
[Result "1-0"]
[Round "03"]
[TimeControl "180+2"]
[Date "2023.03.28"]
[WhiteClock "0:01:43"]
[BlackClock "0:00:20"]

1. d4 Nf6 2. c4 e6 3. Nf3 d5 4. g3 b6 5. Bg2 Bb7 6. cxd5 Bxd5 7. Nc3 Bb7 8. O-O c5 9. Qa4+ Bc6 10. Qc4 Qc8 11. Bf4 Nbd7 12. Rfd1 cxd4 13. Qxd4 Bc5 14. Qd3 O-O 15. Rac1 Qb7 16. Be3 Bxe3 17. Qxe3 Rfd8 18. b4 Nd5 19. Nxd5 Bxd5 20. a3 a5 21. Ne1 Nf6 22. Bxd5 Nxd5 23. Qf3 axb4 24. axb4 Qe7 25. b5 Ra3 26. Rd3 Rda8 27. Rxa3 1-0


[Site "https://www.chess.com"]

[Event "Titled Tuesday Blitz March 28 Late 2023"]
[White "Sarana, Alexey"]
[Black "Koksal, Ege"]
[WhiteFideId "24133795"]
[BlackFideId "6317626"]
[WhiteElo "2714"]
[BlackElo "2226"]
[Result "0-1"]
[Round "03"]
[TimeControl "180+2"]
[Date "2023.03.28"]
[WhiteClock "0:01:07"]
[BlackClock "0:00:12"]

1. d4 d5 2. c4 c6 3. Nf3 Nf6 4. Nc3 e6 5. g3 Nbd7 6. Bg2 Be7 7. O-O b6 8. Ne5 Bb7 9. e4 dxe4 10. Nxe4 Nxe5 11. dxe5 Nxe4 12. Bxe4 Qc7 13. Bf4 O-O 14. h4 c5 15. Bc2 Rfd8 16. Qe2 Rd4 17. Rad1 Rad8 18. b3 Qc6 19. f3 Rxd1 20. Bxd1 h5 21. Bc2 g6 22. Kf2 Rd4 23. Rd1 Qd7 24. Be3 Rxd1 25. Bxd1 Bf8 26. Bc2 Bg7 27. f4 Qc6 28. Ke1 Bf8 29. Kd2 Be7 30. Kc3 a6 31. a3 b5 32. Bd3 b4+ 33. axb4 cxb4+ 34. Kb2 Bc5 35. Qf2 Bxe3 36. Qxe3 Kg7 37. c5 Qd5 38. Bc4 Qg2+ 39. Kc1 a5 40. Be2 Bd5 41. Kd2 Qh1 42. Bd1 Qg2+ 43. Kc1 Qa2 44. Bc2 Qa1+ 45. Kd2 Qb2 46. Qd3 a4 47. bxa4 b3 48. Qc3 Qa2 49. c6 bxc2 50. c7 Bb7 51. Qxc2 Qxc2+ 52. Kxc2 Kf8 53. Kc3 Ke7 54. Kb4 Kd7 55. Kb5 Kxc7 56. Kc5 Ba6 57. a5 Be2 58. Kd4 Kc6 59. Ke3 Bc4 60. Kd4 Bd5 61. a6 Kb6 62. a7 Kxa7 63. Kc5 Kb7 64. Kd6 Be4 65. Ke7 Bf5 66. Kxf7 Kc6 67. Kf6 Kd5 68. Kg5 Ke4 69. g4 hxg4 70. h5 gxh5 71. Kh4 Kf3 0-1


[Site "https://www.chess.com"]

[Event "Titled Tuesday Blitz March 28 Late 2023"]
[White "Godzwon, Iwo"]
[Black "Kramnik, Vladimir"]
[WhiteFideId "21802483"]
[BlackFideId "4101588"]
[WhiteElo "2284"]
[BlackElo "2712"]
[Result "1-0"]
[Round "03"]
[TimeControl "180+2"]
[Date "2023.03.28"]
[WhiteClock "0:00:06"]
[BlackClock "0:00:04"]

1. e4 c5 2. Nf3 e6 3. d4 cxd4 4. Nxd4 a6 5. c4 Nf6 6. Nc3 Qc7 7. Be2 Bb4 8. Nc2 Be7 9. O-O O-O 10. Be3 d6 11. Rc1 b6 12. f4 Bb7 13. Bf3 Nbd7 14. Nd4 Rfe8 15. g4 Nc5 16. Qc2 e5 17. Nf5 exf4 18. Bxf4 Bf8 19. Nd5 Bxd5 20. exd5 a5 21. Rce1 g6 22. Nd4 Qd7 23. h3 Rxe1 24. Rxe1 Re8 25. Rxe8 Qxe8 26. Nb5 Qe1+ 27. Kg2 Nfe4 28. Qe2 Qb1 29. Na3 Qxa2 30. Bxe4 Nxe4 31. Qxe4 Qxb2+ 32. Nc2 a4 33. Be3 a3 34. Bd4 Qb3 35. Ba1 a2 36. Ne3 Bg7 37. Qe8+ Bf8 38. Qe4 Qb1 39. Qd4 f6 40. g5 Be7 41. Ng4 Qc2+ 42. Kf3 Kf7 43. gxf6 Bf8 44. Qe4 Qb3+ 45. Ne3 Qb1 46. Qe6# 1-0


[Site "https://www.chess.com"]

[Event "Titled Tuesday Blitz March 28 Late 2023"]
[White "Kavutskiy, Konstantin"]
[Black "Demchenko, Anton"]
[WhiteFideId "2026384"]
[BlackFideId "4160258"]
[WhiteElo "2369"]
[BlackElo "2545"]
[Result "0-1"]
[Round "03"]
[TimeControl "180+2"]
[Date "2023.03.28"]
[WhiteClock "0:00:09"]
[BlackClock "0:00:16"]

1. d4 d5 2. c4 c6 3. Nf3 Nf6 4. e3 Bf5 5. Nc3 e6 6. Nh4 Bg6 7. Nxg6 hxg6 8. Bd2 Nbd7 9. Qc2 Bd6 10. O-O-O a6 11. Kb1 b5 12. c5 Bc7 13. f4 Ng4 14. Re1 f5 15. h3 Ngf6 16. Be2 Ba5 17. Nd1 Bxd2 18. Qxd2 Ne4 19. Qc2 g5 20. g4 g6 21. Bf3 gxf4 22. exf4 Ndf6 23. Ne3 Qc7 24. Ng2 O-O-O 25. g5 Nh5 26. Bxe4 dxe4 27. Qb3 Rhe8 28. Qe3 Rd5 29. Rhf1 Red8 30. Rd1 Kb7 31. Nh4 Qg7 32. a3 Qh7 33. Rd2 Ng7 34. Ng2 Ne8 35. Rfd1 Nc7 36. h4 R5d7 37. Qg3 Nd5 38. Ne3 Qh5 39. Rf1 Nc7 40. Rfd1 Rh7 41. Rh1 Rhd7 42. Rhd1 Ka7 43. Qe1 Rb8 44. Nc2 Nd5 45. Rf2 Qxh4 46. Ne3 Nxf4 47. Qd2 Nd3 48. Re2 Qxg5 49. Qa5 Qd8 50. Qc3 Rxd4 51. Nc2 Rd7 52. Rg1 g5 53. Rh1 g4 54. Reh2 g3 55. Rh8 Qc7 56. Nb4 Nxb4 57. Qxb4 g2 0-1


[Site "https://www.chess.com"]

[Event "Titled Tuesday Blitz March 28 Late 2023"]
[White "Sjugirov, Sanan"]
[Black "Volkov, Maksim"]
[WhiteFideId "4189302"]
[BlackFideId "54123070"]
[WhiteElo "2569"]
[BlackElo "2312"]
[Result "1-0"]
[Round "03"]
[TimeControl "180+2"]
[Date "2023.03.28"]
[WhiteClock "0:02:27"]
[BlackClock "0:01:46"]

1. e4 c5 2. Nf3 d6 3. Bb5+ Nd7 4. d4 cxd4 5. Qxd4 a6 6. Bxd7+ Bxd7 7. O-O e6 8. c4 Nf6 9. Nc3 Be7 10. Rd1 O-O 11. Qd3 Bc6 12. Bf4 Qb6 13. b3 Rad8 14. h3 Qa5 15. Rac1 d5 16. cxd5 exd5 17. e5 Ne4 18. Nd4 Bb4 19. Nxc6 Nxc3 20. Nxa5 1-0


[Site "https://www.chess.com"]